 Dungeon Crawl Stone Soup version 0.13-a0-2417-g818e1a6 (webtiles) character file.

162 Rycklaryybbe the Cutter (level 4, -4/29 HPs)
             Began as a High Elf Skald on July 16, 2013.
             Slain by an orc
             ... wielding a +0,+0 orcish short sword
              (5 damage)
             ... on Level 3 of the Dungeon.
             The game lasted 00:06:20 (2548 turns).

Rycklaryybbe the Cutter (High Elf Skald)            Turns: 2548, Time: 00:06:20

HP  -4/29        AC  3     Str 11      XL: 4   Next:  0%
MP   7/11        EV 10     Int 16      God:
Gold 95          SH  0     Dex 15      Spells:  2 memorised,  4 levels left

Res.Fire  : . . .   See Invis. : .   a - +0 elf short sword
Res.Cold  : . . .   Warding    : .   b - +0 elf leather armour
Life Prot.: . . .   Conserve   : .   (no shield)
Res.Poison: .       Res.Corr.  : .   (no helmet)
Res.Elec. : .       Clarity    : .   (no cloak)
Sust.Abil.: . .     Spirit.Shd : .   (no gloves)
Res.Mut.  : .       Stasis     : .   (no boots)
Res.Rott. : .       Flight     : .   f - amulet of rage
Saprovore : . . .                    (no ring)
                                     (no ring)

@: slightly resistant to hostile enchantments, unstealthy
A: no striking features
a: Evoke Berserk Rage


You were on level 3 of the Dungeon.
You were near starving.

You visited 1 branch of the dungeon, and saw 3 of its levels.

You collected 75 gold pieces.

Inventory:

Hand weapons
 a - a +0,+0 elven short sword (weapon)
 r - a +1,+0 glaive
Armour
 b - a +0 elven leather armour (worn)
Comestibles
 d - 3 bread rations
 p - a cheese
Scrolls
 e - a scroll of curse weapon {unknown}
 h - 2 scrolls of curse armour {unknown}
 i - a scroll of enchant weapon I {unknown}
 m - a scroll of fog {unknown}
Jewellery
 f - an amulet of rage (around neck)
 j - a +3 ring of protection {unknown}
 s - a cursed ring of teleportation {unknown}
Potions
 k - a potion of brilliance
 l - a potion of restore abilities
 n - a potion of resistance {unknown}
 t - a potion of agility {unknown}
 v - a potion of invisibility {unknown}
Books
 c - a book of Battle

   Spells                             Type                      Level
   *Infusion                          Charms                       1
   *Shroud of Golubria                Charms/Translocation         2
   Song of Slaying                    Charms                       2
   Spectral Weapon                    Hexes/Charms                 3
   Regeneration                       Charms/Necromancy            3
   Song of Shielding                  Charms                       4


   Skills:
 - Level 2.0 Fighting
 + Level 5.2 Short Blades
 - Level 0.8 Armour
 - Level 1.1 Dodging
 - Level 2.4 Spellcasting
 - Level 3.6 Charms


You had 4 spell levels left.
You knew the following spells:

 Your Spells              Type           Power        Failure   Level  Hunger
a - Infusion              Chrm           ##....       6%          1    #......
b - Shroud of Golubria    Chrm/Tloc      #.........   17%         2    ##.....


Dungeon Overview and Level Annotations

Branches:
Dungeon (3/27)

Altars:


Message History

* * * LOW HITPOINT WARNING * * *
The orc priest mumbles some strange prayers to Beogh against you.
Pain shoots through your body!
* * * LOW HITPOINT WARNING * * *
Drink which item? (? for menu, Esc to quit)
Okay, then.
Read which item? (? for menu, Esc to quit)
As you read the scroll labeled LAFFUF STAAFY, it crumbles to dust.
You hear a loud clanging noise!
It was a scroll of noise.
You hear a shout!
The orc barely misses you.
The orc priest invokes the aid of Beogh against you.
You resist.
Read which item? (? for menu, Esc to quit)
As you read the scroll labeled STEWNOE GOKHLI, it crumbles to dust.
Nothing appears to happen.
The orc hits you but does no damage.
The orc priest becomes somewhat translucent.
The orc hits you with an orcish short sword.
You die...

#.####.# ###
#........
#...###..#...#.
...o...........
.o..........# #
#.# .. #.##.#
#######o...#.#
#....<@o.....#
#.##).o###.#.#
#...# .# #
##### . #


You could see an orc priest and 2 orcs.

Vanquished Creatures
  3 adders (D:2)
  A giant gecko (D:2)
  2 oozes (D:1)
  9 bats
  2 giant cockroaches
  5 goblins
  A hobgoblin (D:1)
  5 jackals (D:2)
  3 kobolds
  7 giant newts
38 creatures vanquished.

Notes
Turn   | Place    | Note
--------------------------------------------------------------
     0 | D:1      | Rycklaryybbe, the High Elf Skald, began the quest for the Orb.
     0 | D:1      | Reached XP level 1. HP: 13/13 MP: 4/4
   582 | D:1      | Reached XP level 2. HP: 15/18 MP: 0/6
   588 | D:1      | Learned a level 2 spell: Shroud of Golubria
  1232 | D:2      | Reached skill level 4 in Short Blades
  1254 | D:2      | Reached XP level 3. HP: 3/23 MP: 2/8
  1818 | D:2      | Reached skill level 5 in Short Blades
  2233 | D:2      | Reached XP level 4. HP: 15/29 MP: 8/11
  2546 | D:3      | HP: 1/29 [orc priest/nerve-wracking pain (3)]
  2548 | D:3      | Slain by an orc

Action                   |  1- 3 |  4- 6 || total
-------------------------+-------+-------++-------
Melee: Short sword       |    77 |    16 ||    93
       Glaive            |    66 |       ||    66
 Cast: Infusion          |    11 |     1 ||    12
       Shroud of Golubri |     2 |     1 ||     3
  Use: Potion            |     4 |       ||     4
       Scroll            |       |     2 ||     2
 Stab: Sleeping          |     1 |       ||     1
